 Dungeon Crawl Stone Soup version 0.31-a0-221-gbddc013574 (webtiles) character file.

Game seed: 5151732158913575526

84 qw the Chopper (level 4, -2/28 HPs)
             Began as a Gargoyle Fighter on July 4, 2023.
             Slain by a gnoll
             ... wielding a +0 halberd
              (12 damage)
             ... on level 2 of the Dungeon.
             The game lasted 00:00:45 (1395 turns).

qw the Chopper (Gargoyle Fighter)                   Turns: 1395, Time: 00:00:45

Health: -2/28      AC: 13    Str: 24    XL:     4   Next: 45%
Magic:  4/4        EV:  9    Int:  9    God:
Gold:   18         SH:  4    Dex:  9    Spells: 3/3 levels left

rFire   . . .        Y - +0 war axe
rCold   . . .        c - +0 buckler
rNeg    + . .        b - +0 scale mail
rPois   inf          (no helmet)
rElec   +            (no cloak)
rCorr   .            g - +2 pair of gloves {Str+3}
SInv    .            (no boots)
Will    .....        (no amulet) Stlth
                     (no ring)
HPRegen 0.24/turn    (no ring)
MPRegen 0.09/turn

%: no passive effects
@: no status effects
A: sickness immunity, AC +3, negative energy resistance 1, electricity
resistance, torment resistance 1, petrification resistance
a: no special abilities


You were on level 2 of the Dungeon.
You visited 1 branch of the dungeon, and saw 2 of its levels.

You collected 62 gold pieces.
You spent 44 gold pieces at shops.


Innate Abilities, Weirdness & Mutations

You are immune to sickness and miasma.
Your stone body is resilient. (AC +3)
You are immune to poison.
You resist negative energy. (rN+)
You are resistant to electric shocks. (rElec)
You are resistant to unholy torment.
You are immune to petrification.


   Skills:
 - Level 3.2 Fighting
 + Level 4.1 Axes
 - Level 3.2 Armour
 - Level 3.2 Shields


You had 3 spell levels left.
You didn't know any spells.
Your spell library was empty.

Inventory:

Hand Weapons
 i - a +0 flail
 Y - a +0 war axe (weapon)
Missiles
 f - 3 boomerangs (quivered)
Armour
 b - a +0 scale mail (worn)
 c - a +0 buckler (worn)
 g - a +2 pair of gloves of strength (worn)
Scrolls
 a - a scroll of teleportation
Potions
 d - a potion of might
 e - a potion of curing {unknown}
 h - a potion of heal wounds {unknown}
 j - a potion of attraction {unknown}

Dungeon Overview and Level Annotations

Branches:
Dungeon (2/15)

Altars:

Shops:
D:1 *


Message History

A gnoll comes into view. It is wielding a +0 spear.
The gnoll shouts!
A gnoll comes into view. It is wielding a +0 halberd.
Enter note:
1387 ||| Stepping ~*~*~tactically~*~*~ (hiding).
Enter note: You start waiting.
A gnoll is nearby!
A gnoll comes into view. It is wielding a +0 whip.
Found a club.
The gnoll shouts!
The gnoll hits you from afar with a +0 spear.
The gnoll moves out of view.
The gnoll hits you with a +0 halberd. The gnoll closely misses you.
Enter note: You hit the gnoll but do no damage.
You slash the gnoll!
A bat comes into view.
The gnoll hits you with a +0 halberd. The gnoll hits you but does no damage.
The bat moves out of view.
You barely miss the gnoll.
The gnoll is heavily wounded.
You slash the gnoll! The gnoll hits you but does no damage.
The gnoll hits you with a +0 halberd. You block the gnoll's attack.
You barely miss the gnoll.
The gnoll is almost dead.
You hit the gnoll. The gnoll barely misses you.
You block the gnoll's attack. x2
You hit the gnoll.
The gnoll is almost dead.
You hit the gnoll. You block the gnoll's attack.
The gnoll completely misses you. The gnoll barely misses you.
You hit the gnoll but do no damage.
The gnoll is almost dead.
You closely miss the gnoll. The gnoll misses you.
The gnoll hits you from afar with a +0 spear.
You block the gnoll's attack. The gnoll hits you with a +0 halberd!
You die...

........# #.#
##~~~~##.##
o.......# #[#
#~~~~~##..#
......... #..
#~~~~~###.#
#.#####~~~~####.#
#...88~~~~~88...#
#...............#
#...............#
#...88~~~~~88..##
#@###~~~~~######
#gg##~~~~~#
#g.##~~~~##
...#~~~~~#
..##~~~~~#
~..##~~~~## ..)#
~~#.#


You could see 3 gnolls.

Vanquished Creatures
  An orc priest (D:2)
  An adder (D:2)
  A worm (D:1)
  3 dart slugs (D:1)
  2 orcs (D:2)
  2 endoplasms (D:1)
  A goblin (D:1)
  4 hobgoblins (D:1)
  4 jackals (D:1)
  4 kobolds (D:1)
  A quokka (D:1)
  3 ball pythons (D:1)
  4 bats (D:1)
  2 frilled lizards (D:1)
  2 rats (D:1)
  A spectral hobgoblin (D:2)
36 creatures vanquished.

Notes
Turn   | Place    | Note
-------+----------+-------------------------------------------
     0 | D:1      | qw the Gargoyle Fighter began the quest for the Orb.
     0 | D:1      | Reached XP level 1. HP: 14/14 MP: 1/1
     0 | D:1      | 0 ||| qw: Version: 0.3-a-41-g9d075ac
     0 | D:1      | 0 ||| qw: Game counter: 754
     0 | D:1      | 0 ||| qw: Melee chars always use a shield: true
     0 | D:1      | 0 ||| qw: God list: Okawaru
     0 | D:1      | 0 ||| qw: Allow faded altars: false
     0 | D:1      | 0 ||| qw: Do Orc after clearing Dungeon:15 true
     0 | D:1      | 0 ||| qw: Do second Lair branch before Depths: true
     0 | D:1      | 0 ||| qw: Lair rune preference: random
     0 | D:1      | 0 ||| qw: Goals: Normal, Zot:1-4, Slime:5, God:TSO, Crypt,
                  | Tomb, Abyss, Pan, Hells, Win
     0 | D:1      | 0 ||| PLANNING D:1-11
    60 | D:1      | Reached skill level 2 in Axes
   150 | D:1      | 150 ||| DROPPING +0 club.
   159 | D:1      | 159 ||| Stepping ~*~*~tactically~*~*~ (hiding).
   166 | D:1      | Reached XP level 2. HP: 19/19 MP: 2/2
   664 | D:1      | 664 ||| DROPPING +0 mace.
   683 | D:1      | 683 ||| Stepping ~*~*~tactically~*~*~ (stealth).
   684 | D:1      | 684 ||| Stepping ~*~*~tactically~*~*~ (stealth).
   711 | D:1      | Reached skill level 3 in Axes
   716 | D:1      | Reached XP level 3. HP: 14/23 MP: 3/3
   942 | D:1      | Found Yhaptolo's Assorted Antiques.
   956 | D:1      | 956 ||| Stepping ~*~*~tactically~*~*~ (stealth).
   973 | D:1      | 973 ||| BUYING black potion (22 gold).
   973 | D:1      | Bought a black potion for 22 gold pieces
   973 | D:1      | 973 ||| BUYING bubbling yellow potion (22 gold).
   973 | D:1      | Bought a bubbling yellow potion for 22 gold pieces
   973 | D:1      | 973 ||| SHOPLISTING scroll labelled MEIFYCW HATRORGH (25
                  | gold, have 6).
   973 | D:1      | 973 ||| SHOPLISTING scroll labelled MOOWUC NOROUDU (25
                  | gold, have 6).
   973 | D:1      | 973 ||| SHOPLISTING shiny scale mail (175 gold, have 6).
   985 | D:1      | 985 ||| Stepping ~*~*~tactically~*~*~ (hiding).
   989 | D:1      | 989 ||| Stepping ~*~*~tactically~*~*~ (hiding).
  1060 | D:1      | 1060 ||| UPGRADING to +2 pair of gloves of strength.
  1065 | D:1      | 1065 ||| READING 2 scrolls labelled MOOWUC NOROUDU.
  1095 | D:2      | 1095 ||| STAIRDANCE
  1153 | D:2      | 1153 ||| FLEEEEING.
  1154 | D:2      | 1154 ||| FLEEEEING.
  1154 | D:2      | HP: 2/23 [orc priest/divine providence (12)]
  1155 | D:2      | 1155 ||| FLEEEEING.
  1156 | D:2      | 1156 ||| FLEEEEING.
  1157 | D:2      | 1157 ||| FLEEEEING.
  1158 | D:2      | 1158 ||| FLEEEEING.
  1159 | D:2      | 1159 ||| FLEEEEING.
  1160 | D:2      | 1160 ||| FLEEEEING.
  1161 | D:2      | 1161 ||| FLEEEEING.
  1171 | D:2      | 1171 ||| STAIRDANCE
  1246 | D:1      | 1246 ||| READING scroll labelled VIANTIUNKE.
  1247 | D:1      | 1247 ||| READING scroll labelled MEOMEZUYGO.
  1263 | D:2      | 1263 ||| Stepping ~*~*~tactically~*~*~ (hiding).
  1273 | D:2      | Reached skill level 4 in Axes
  1273 | D:2      | Reached XP level 4. HP: 16/28 MP: 4/4
  1294 | D:2      | 1294 ||| Stepping ~*~*~tactically~*~*~ (hiding).
  1387 | D:2      | 1387 ||| Stepping ~*~*~tactically~*~*~ (hiding).
  1395 | D:2      | Slain by a gnoll

Levels and vault maps discovered:
D:1:      dpeg_arrival_pits, layout_loops_corners, serial_shops, shop,
          corexii_corridor_pit, hangedman_abyss_or_decor_stabs,
          minmay_pentomino_x2
D:2:      wander_river, layout_basic, basic_altar,
          dreamdust_ecumenical_altar_drowned_temple, minmay_misc_feat_rows,
          hangedman_abyss_or_decor_lesser_grid

Skill      XL: |  1  2  3 |
---------------+----------+-----
Axes           | 2 3 4 |  4.1
Fighting       | |  3.2
Armour         | |  3.2
Shields        | |  3.2

Action                     |  1- 3 |  4- 6 || total
---------------------------+-------+-------++-------
  Melee: War axe           |   108 |     8 ||   116
  Throw: Boomerang         |       |     4 ||     4
    Use: Scroll            |     3 |       ||     3
 Armour: Scale mail        |    61 |     2 ||    63
  Dodge: Dodged            |    41 |     5 ||    46
  Block: Buckler           |    16 |     6 ||    22

Table legend:
 A = Non-vault XP
 B = Vault XP
 C = Vault XP percentage of total XP
 D = Non-vault monster count
 E = Vault monster count
 F = Vault count percentage of total count
                 A         B        C        D         E       F
            +---------+---------+-------+---------+---------+-------
      Total |     116 |       4 |   3.3 |      33 |       3 |   8.3
            +---------+---------+-------+---------+---------+-------
        D:1 |      55 |       3 |   5.2 |      29 |       2 |   6.5
        D:2 |      61 |       1 |   1.6 |       4 |       1 |  20.0
            +---------+---------+-------+---------+---------+-------
